 Dungeon Crawl Stone Soup version 0.15.0-23-gc2b521c (webtiles) character file.

818 Johnny the Charmwright (level 8, -3/60 HPs)
             Began as a Formicid Skald on Sept 8, 2014.
             Slain by a centaur warrior (4 damage)
             ... on Level 15 of the Dungeon.
             The game lasted 00:17:35 (5566 turns).

Johnny the Charmwright (Formicid Skald)             Turns: 5566, Time: 00:17:35

HP  -3/60        AC 16     Str 17      XL: 8   Next: 16%
MP  18/19        EV  4     Int 16      God:
Gold 198         SH  0     Dex 12      Spells:  3 memorised,  8 levels left

rFire  + + .     SeeInvis +     a - +1 mace
rCold  . . .     Clarity  .     d - +4 plate armour {rF+}
rNeg   + . .     rCorr    .     (no shield)
rPois  .         rRot     .     (helmet unavailable)
rElec  .         Spirit   .     (no cloak)
SustAb .         Warding  .     (no gloves)
rMut   .         Stasis   +     s - +0 pair of boots
Gourm  .                        m - amulet of stasis
MR     .....                    n - +4 ring of intelligence
                                r - cursed ring of positive energy

@: not resistant to hostile enchantments, extremely unstealthy
A: permanent stasis, dig shafts and tunnels, four strong arms, antennae 3,
hooves 1, fire resistance 1, sense surroundings 1
a: Dig, Shaft Self


You were on level 15 of the Dungeon.
You were very hungry.

You visited 1 branch of the dungeon, and saw 9 of its levels.

You collected 198 gold pieces.

Inventory:

Hand weapons
 a - a +1 mace (weapon)
Armour
 d - a +4 plate armour of fire resistance (worn)
 s - a +0 pair of boots (worn)
Magical devices
 e - a wand of random effects (0)
 g - a wand of draining (0)
Comestibles
 f - a meat ration
 i - 2 beef jerkies
 j - 2 bread rations
 l - a slice of pizza
Scrolls
 b - 2 scrolls of remove curse
Jewellery
 m - an amulet of stasis (around neck)
 n - a +4 ring of intelligence (right hand)
 r - a cursed ring of positive energy (left hand)
Books
 c - a book of Battle

   Spells                             Type                      Level
   *Infusion                          Charms                       1
   *Shroud of Golubria                Charms/Translocation         2
   Song of Slaying                    Charms                       2
   Spectral Weapon                    Hexes/Charms                 3
   *Regeneration                      Charms/Necromancy            3


   Skills:
 * Level 3.7 Fighting
 * Level 3.6 Maces & Flails
 * Level 3.2 Armour
 * Level 2.9 Dodging
 * Level 3.5 Spellcasting
 * Level 4.4 Charms
 * Level 2.0 Necromancy
 * Level 2.1 Translocations
 * Level 2.0 Evocations


You had 8 spell levels left.
You knew the following spells:

 Your Spells              Type           Power        Failure   Level  Hunger
a - Infusion              Chrm           ###...       100%        1    None
b - Shroud of Golubria    Chrm/Tloc      ##........   100%        2    ##.....
c - Regeneration          Chrm/Necr      ##........   100%        3    ###....


Dungeon Overview and Level Annotations

Branches:
Dungeon (15/15)
 Temple: D:4-7          Orc: D:9-12        Lair: D:8-11      Vaults: D:13-14
 Depths: D:15

Altars:

Annotations:
D:2 Sigmund
D:4 Prince Ribbit
D:6 Grinder


Innate Abilities, Weirdness & Mutations

Your are under a permanent stasis effect.
You can dig through walls and to a lower floor.
Your four strong arms can wield two-handed weapons with a shield.
You have a pair of large antennae on your head (SInv).
You have large cloven feet.
Your flesh is heat resistant.
You passively map a small area around you.


Message History

You thump the centaur warrior!
The centaur warrior is moderately wounded.
The centaur warrior hits you but does no damage.
The centaur warrior shoots an arrow.
The arrow barely misses you. The centaur warrior hits you.
* * * LOW HITPOINT WARNING * * *
The centaur warrior shoots an arrow.
The arrow hits you.
* * * LOW HITPOINT WARNING * * *
You hit the centaur warrior but do no damage.
The centaur warrior is moderately wounded.
The centaur warrior hits you but does no damage.
The centaur warrior shoots an arrow.
The arrow hits you.
* * * LOW HITPOINT WARNING * * *
The centaur warrior hits you but does no damage.
Unknown command.
The centaur warrior unwields an uncursed shortbow.
The centaur warrior hits you.
* * * LOW HITPOINT WARNING * * *
The centaur warrior hits you.
You die...

, { , , ,
{##+#+##
##.#.#.# ,
,,*......#
,,
+#.....#
#((###.#*{
, *
{*+#....c#
, , {
#..%c@.# {
, ,
####(###
,, * *
###* *{ ,
≈ , , * ,
* , *{{,≈*
, , {, * <
, * ,


You could see 2 centaur warriors.

Vanquished Creatures
  A trapdoor spider (D:15)
  A black bear (D:7)
  A sky beast (D:7)
  2 ogres (D:7)
  3 giant frogs
  A jelly (D:13)
  A kobold zombie (D:13)
  A worker ant (D:3)
  An ogre zombie (D:7)
  Ijyb (D:3)
  A worm zombie (D:3)
  5 adders
  3 adder skeletons (D:3)
  2 giant geckos
  An ooze (D:3)
  9 orcs (D:3)
  A ball python (D:6)
  5 bats
  A bat zombie (D:3)
  5 giant cockroaches
  7 hobgoblins
  8 jackals (D:7)
  A quokka (D:6)
  A giant cockroach zombie (D:3)
  A giant gecko zombie (D:3)
  3 giant newts
  15 goblins
  A goblin skeleton (D:3)
  2 goblin zombies (D:3)
  A jackal zombie (D:3)
  6 kobolds
  A kobold skeleton (D:3)
  7 rats
  A rat zombie (D:3)
  A ballistomycete (D:7)
102 creatures vanquished.

Vanquished Creatures (others)
  A giant spore (D:7)
  2 butterflies (D:6)
3 creatures vanquished.

Grand Total: 105 creatures vanquished

Notes
Turn   | Place    | Note
--------------------------------------------------------------
     0 | D:1      | Johnny, the Formicid Skald, began the quest for the Orb.
     0 | D:1      | Reached XP level 1. HP: 16/16 MP: 3/3
    63 | D:1      | Reached skill level 1 in Dodging
   167 | D:1      | Reached XP level 2. HP: 21/23 MP: 1/5
   613 | D:1      | Reached XP level 3. HP: 26/28 MP: 1/7
  1403 | D:2      | Noticed Sigmund
  1408 | D:2      | You fall through a shaft!
  1532 | D:3      | Reached XP level 4. HP: 15/34 MP: 0/9
  1609 | D:3      | Learned a level 2 spell: Shroud of Golubria
  1613 | D:3      | Learned a level 3 spell: Regeneration
  2469 | D:3      | Reached XP level 5. HP: 21/41 MP: 7/11
  2874 | D:3      | Noticed Ijyb
  2910 | D:3      | Killed Ijyb
  2910 | D:3      | Reached skill level 1 in Translocations
  3422 | D:4      | Noticed Prince Ribbit
  3429 | D:4      | You fall through a shaft for 2 floors!
  3429 | D:6      | Noticed Grinder
  3794 | D:6      | Reached XP level 6. HP: 21/47 MP: 11/13
  4079 | D:6      | Noticed a gargoyle
  4094 | D:7      | Noticed a sky beast
  4097 | D:7      | Reached skill level 1 in Necromancy
  4097 | D:7      | Killed a sky beast
  4097 | D:7      | Reached skill level 1 in Evocations
  4097 | D:7      | Reached XP level 7. HP: 48/52 MP: 13/16
  4312 | D:7      | Reached skill level 4 in Charms
  4843 | D:7      | Noticed a black bear
  4859 | D:7      | Killed a black bear
  4870 | D:7      | Reached XP level 8. HP: 37/60 MP: 18/18
  5143 | D:7      | You fall through a shaft for 3 floors!
  5143 | D:10     | Entered Level 10 of the Dungeon
  5250 | D:10     | You fall through a shaft for 3 floors!
  5545 | D:13     | Noticed a centaur warrior
  5556 | D:13     | You fall through a shaft for 2 floors!
  5556 | D:15     | Entered Level 15 of the Dungeon
  5556 | D:15     | Noticed a centaur warrior
  5556 | D:15     | Noticed a centaur warrior
  5557 | D:15     | Noticed a trapdoor spider
  5557 | D:15     | Gained mutation: Your flesh is heat resistant. [potion of mutation]
  5557 | D:15     | Gained mutation: You have large cloven feet. [potion of mutation]
  5557 | D:15     | Gained mutation: You passively map a small area around you. [potion of mutation]
  5562 | D:15     | Killed a trapdoor spider
  5566 | D:15     | HP: 1/60 [centaur warrior (6)]
  5566 | D:15     | Slain by a centaur warrior

Action                   |  1- 3 |  4- 6 |  7- 9 || total
-------------------------+-------+-------+-------++-------
Melee: Mace              |   111 |   222 |   119 ||   452
 Cast: Infusion          |    14 |     8 |       ||    22
 Abil: Shaft Self        |     1 |     1 |     3 ||     5
       Dig               |       |       |     4 ||     4
Evoke: Wand              |       |     5 |     2 ||     7
  Use: Potion            |     1 |     3 |     2 ||     6
       Scroll            |       |     7 |     3 ||    10
 Stab: Confused          |       |       |     1 ||     1
  Eat: Meat ration       |     1 |       |     1 ||     2
       Chunk             |       |     1 |       ||     1
       Bread ration      |       |     1 |       ||     1
       Pizza             |       |     1 |       ||     1
